3L
PHILADELPHIA 1776 BC @ AUSTIN RANGERS
09/28/2023
 
TOP OF THE 1ST
Philadelphia 1776 BC batting - Pitching for Austin Rangers : RHP Lester Sullivan
Pitching: RHP Lester Sullivan
Batting: RHB Jesús Orozco 0-0: Swinging Strike
0-1: Ball
1-1: Ball
2-1: Called Strike
2-2: Foul Ball, location: 2F
2-2: Ground out 1-3 (Groundball, 15S)
Batting: LHB Cliff Aldridge 0-0: Foul Ball, location: 2F
0-1: Ball
1-1: Ball
2-1: SINGLE (Line Drive, 4MD)
Batting: SHB Jesús Cabañe 0-0: Ball
1-0: Foul Ball, location: 2F
1-1: Ball
Cliff Aldridge steals 2nd base
2-1: Ball
3-1: Fly out, F8 (Flyball, 8LD)
Runner from 2nd tags up, SAFE at 3rd, no throw
Batting: LHB Héctor Torres 0-0: Ball
Wild Pitch!
Cliff Aldridge scores
1-0: Foul Ball, location: 2F
1-1: Foul Ball, location: 2F
1-2: Ball
2-2: Fly out, F8 (Line Drive, 8RD)
Top of the 1st over - 1 run(s), 1 hit(s), 0 error(s), 0 left on base; Philadelphia 1776 1 - Austin 0
BOTTOM OF THE 1ST
Austin Rangers batting - Pitching for Philadelphia 1776 BC : LHP Carlos Sánchez
Pitching: LHP Carlos Sánchez
Batting: RHB Tony Hernández 0-0: SINGLE (Line Drive, 6D)
Batting: RHB Pablo Trujillo 0-0: Ball
1-0: Ball
2-0: Ball
3-0: Called Strike
3-1: Base on Balls
Tony Hernández to second
Batting: LHB Jesús Reyes 0-0: Ball
1-0: Grounds into double play, U6-3 (Groundball, 6)
Tony Hernández to third
Batting: RHB Jeff Green 0-0: DOUBLE (Line Drive, 8RS)
Tony Hernández scores
Batting: LHB Yun Yen 0-0: Ball
1-0: Swinging Strike
1-1: Called Strike
1-2: Ground out U3 (Groundball, 3S)
Bottom of the 1st over - 1 run(s), 2 hit(s), 0 error(s), 1 left on base; Philadelphia 1776 1 - Austin 1
TOP OF THE 2ND
Philadelphia 1776 BC batting - Pitching for Austin Rangers : RHP Lester Sullivan
Batting: RHB Jesús Rodríguez 0-0: Ground out 6-3 (Groundball, 6)
Batting: RHB António Granados 0-0: Called Strike
0-1: Ball
1-1: Foul Ball, location: 2F
1-2: Fly out, F9 (Line Drive, 9D)
Batting: RHB Dave Morris 0-0: Foul Ball, location: 2F
0-1: Called Strike
0-2: Ball
1-2: Strikes out swinging
Top of the 2nd over - 0 run(s), 0 hit(s), 0 error(s), 0 left on base; Philadelphia 1776 1 - Austin 1
BOTTOM OF THE 2ND
Austin Rangers batting - Pitching for Philadelphia 1776 BC : LHP Carlos Sánchez
Batting: RHB Yuji Ine 0-0: Called Strike
0-1: Ground out 5-3 (Groundball, 56S)
Batting: LHB Enrique Sánchez 0-0: Ball
1-0: Called Strike
1-1: Called Strike
1-2: Fly out, F4 (Popup, 6MD)
Batting: LHB Motoshige Kitamura 0-0: Ball
1-0: Swinging Strike
1-1: Called Strike
1-2: Ball
2-2: Foul Ball, location: 2F
2-2: Ball
3-2: Strikes out swinging
Bottom of the 2nd over - 0 run(s), 0 hit(s), 0 error(s), 0 left on base; Philadelphia 1776 1 - Austin 1
TOP OF THE 3RD
Philadelphia 1776 BC batting - Pitching for Austin Rangers : RHP Lester Sullivan
Batting: RHB Patrizio Vanali 0-0: Called Strike
0-1: Swinging Strike
0-2: Ball
1-2: Ball
2-2: Strikes out swinging
Batting: RHB Russell Jackson 0-0: Ball
1-0: Ball
2-0: Ball
3-0: Base on Balls
Batting: RHB Jesús Orozco 0-0: Ball
Wild Pitch!
Russell Jackson to second
1-0: Ball
2-0: Called Strike
2-1: SINGLE (Groundball, 6D)
Russell Jackson to third
Runner from 3rd tries for Home, SAFE, throw made home
Jesús Orozco to second
Batting: LHB Cliff Aldridge 0-0: Ball
1-0: Foul Ball, location: 2F
1-1: SINGLE (Line Drive, 9S)
Jesús Orozco to third
Runner from 3rd tries for Home, throw and OUT!
Cliff Aldridge to second
Batting: SHB Jesús Cabañe 0-0: Called Strike
0-1: Ball
1-1: Foul Ball, location: 2F
1-2: Ball
2-2: Ball
3-2: Foul Ball, location: 2F
3-2: Fly out, F6 (Popup, 6MD)
Top of the 3rd over - 1 run(s), 2 hit(s), 0 error(s), 1 left on base; Philadelphia 1776 2 - Austin 1
BOTTOM OF THE 3RD
Austin Rangers batting - Pitching for Philadelphia 1776 BC : LHP Carlos Sánchez
Batting: SHB Xavier Vásquez 0-0: Called Strike
0-1: Ball
1-1: Foul Ball, location: 2F
1-2: Ball
2-2: Strikes out looking
Batting: RHB Tony Hernández 0-0: Foul Ball, location: 2F
0-1: Bunt for hit - play at first, batter OUT! 1-3
Batting: RHB Pablo Trujillo 0-0: Ball
1-0: Swinging Strike
1-1: Swinging Strike
1-2: Ball
2-2: Ground out 6-3 (Groundball, 6)
Bottom of the 3rd over - 0 run(s), 0 hit(s), 0 error(s), 0 left on base; Philadelphia 1776 2 - Austin 1
TOP OF THE 4TH
Philadelphia 1776 BC batting - Pitching for Austin Rangers : RHP Lester Sullivan
Batting: LHB Héctor Torres 0-0: Ball
1-0: Called Strike
1-1: Ball
2-1: Called Strike
2-2: Strikes out looking
Batting: RHB Jesús Rodríguez 0-0: Foul Ball, location: 2F
0-1: Ball
1-1: Foul Ball, location: 2F
1-2: Ground out 5-3 (Groundball, 5)
Batting: RHB António Granados 0-0: Ball
1-0: Called Strike
1-1: Swinging Strike
1-2: Strikes out looking
Top of the 4th over - 0 run(s), 0 hit(s), 0 error(s), 0 left on base; Philadelphia 1776 2 - Austin 1
BOTTOM OF THE 4TH
Austin Rangers batting - Pitching for Philadelphia 1776 BC : LHP Carlos Sánchez
Batting: LHB Jesús Reyes 0-0: DOUBLE (Flyball, 8RXD)
Batting: RHB Jeff Green 0-0: Called Strike
0-1: Fly out, F9 (Flyball, 89S)
Batting: LHB Yun Yen 0-0: Ball
1-0: Called Strike
1-1: Ball
2-1: Ball
3-1: Ground out 4-3 (Groundball, 4)
Jesús Reyes to third
Batting: RHB Yuji Ine 0-0: Called Strike
0-1: Ball
1-1: Called Strike
1-2: Strikes out swinging
Bottom of the 4th over - 0 run(s), 1 hit(s), 0 error(s), 1 left on base; Philadelphia 1776 2 - Austin 1
TOP OF THE 5TH
Philadelphia 1776 BC batting - Pitching for Austin Rangers : RHP Lester Sullivan
Batting: RHB Dave Morris 0-0: Swinging Strike
0-1: Ball
1-1: Fly out, F7 (Flyball, 78S)
Batting: RHB Patrizio Vanali 0-0: Swinging Strike
0-1: Fly out, F9 (Flyball, 89M)
Batting: RHB Russell Jackson 0-0: SINGLE (Line Drive, 78S)
Batting: RHB Jesús Orozco 0-0: Called Strike
0-1: Fly out, F4 (Popup, 4D)
Top of the 5th over - 0 run(s), 1 hit(s), 0 error(s), 1 left on base; Philadelphia 1776 2 - Austin 1
BOTTOM OF THE 5TH
Austin Rangers batting - Pitching for Philadelphia 1776 BC : LHP Carlos Sánchez
Batting: LHB Enrique Sánchez 0-0: Called Strike
0-1: Foul Ball, location: 2F
0-2: SINGLE (Groundball, 6MD)
Batting: LHB Motoshige Kitamura 0-0: Foul Ball, location: 2F
0-1: Ball
1-1: Swinging Strike
1-2: Fly out, F4 (Popup, 34D)
Batting: SHB Xavier Vásquez 0-0: Fly out, F4 (Popup, 3L)
Batting: RHB Tony Hernández 0-0: Foul Ball, location: 2F
0-1: Ball
1-1: Called Strike
1-2: Fly out, F9 (Flyball, 9LD)
Bottom of the 5th over - 0 run(s), 1 hit(s), 0 error(s), 1 left on base; Philadelphia 1776 2 - Austin 1
TOP OF THE 6TH
Philadelphia 1776 BC batting - Pitching for Austin Rangers : RHP Lester Sullivan
Batting: LHB Cliff Aldridge 0-0: Swinging Strike
0-1: Called Strike
0-2: Strikes out looking
Batting: SHB Jesús Cabañe 0-0: Ball
1-0: SINGLE (Groundball, 56D)
Batting: LHB Héctor Torres 0-0: Ball
1-0: Ball
2-0: Ball
Jesús Cabañe steals 2nd base
3-0: Intentional Walk
Batting: RHB Jesús Rodríguez 0-0: Ball
1-0: Called Strike
Jesús Cabañe steals 3rd base
Héctor Torres to second
1-1: Ball
2-1: DOUBLE (Groundball, 5L)
Jesús Cabañe scores
Héctor Torres scores
Batting: RHB António Granados 0-0: Called Strike
0-1: Ball
1-1: Foul Ball, location: 2F
1-2: Ball
2-2: Ball
3-2: Fly out, F8 (Flyball, 8LXD)
Runner from 2nd tags up, SAFE at 3rd, no throw
Batting: RHB Dave Morris 0-0: Fly out, F4 (Popup, 4)
Top of the 6th over - 2 run(s), 2 hit(s), 0 error(s), 1 left on base; Philadelphia 1776 4 - Austin 1
BOTTOM OF THE 6TH
Austin Rangers batting - Pitching for Philadelphia 1776 BC : LHP Carlos Sánchez
Batting: RHB Pablo Trujillo 0-0: Foul Ball, location: 2F
0-1: Foul Ball, location: 2F
0-2: Ball
1-2: SINGLE (Line Drive, 7LS)
Batting: LHB Jesús Reyes 0-0: Ball
1-0: Called Strike
1-1: Foul Ball, location: 2F
1-2: Ball
2-2: Ball
3-2: Strikes out swinging
Throwing error on steal attempt, E2
Pablo Trujillo to third
Batting: RHB Jeff Green 0-0: Called Strike
0-1: Swinging Strike
0-2: Strikes out looking
Batting: LHB Yun Yen 0-0: SINGLE (Groundball, 13S) (infield hit)
Pablo Trujillo scores
Batting: RHB Yuji Ine 0-0: Ground out U3 (Groundball, 3L)
Bottom of the 6th over - 1 run(s), 2 hit(s), 1 error(s), 1 left on base; Philadelphia 1776 4 - Austin 2
TOP OF THE 7TH
Philadelphia 1776 BC batting - Pitching for Austin Rangers : RHP Lester Sullivan
Batting: RHB Patrizio Vanali 0-0: Called Strike
0-1: Ground out 4-3 (Groundball, 4)
Batting: RHB Russell Jackson 0-0: Foul Ball, location: 2F
0-1: Ball
1-1: Swinging Strike
1-2: Strikes out looking
Batting: RHB Jesús Orozco 0-0: Foul Ball, location: 2F
0-1: Ball
1-1: Ball
2-1: Called Strike
2-2: Ball
3-2: Strikes out swinging
Top of the 7th over - 0 run(s), 0 hit(s), 0 error(s), 0 left on base; Philadelphia 1776 4 - Austin 2
BOTTOM OF THE 7TH
Austin Rangers batting - Pitching for Philadelphia 1776 BC : LHP Carlos Sánchez
Batting: LHB Enrique Sánchez 0-0: Foul Ball, location: 2F
0-1: Swinging Strike
0-2: Ground out 6-3 (Groundball, 6)
Batting: LHB Motoshige Kitamura 0-0: Called Strike
0-1: Swinging Strike
0-2: Foul Ball, location: 2F
0-2: Ground out 4-3 (Groundball, 34)
Batting: SHB Xavier Vásquez 0-0: Called Strike
0-1: Called Strike
0-2: Ball
1-2: Ball
2-2: Foul Ball, location: 2F
2-2: Strikes out swinging
Bottom of the 7th over - 0 run(s), 0 hit(s), 0 error(s), 0 left on base; Philadelphia 1776 4 - Austin 2
TOP OF THE 8TH
Philadelphia 1776 BC batting - Pitching for Austin Rangers : RHP Lester Sullivan
Batting: LHB Cliff Aldridge 0-0: Ball
1-0: Foul Ball, location: 2F
1-1: Foul Ball, location: 2F
1-2: Strikes out swinging
Batting: SHB Jesús Cabañe 0-0: Called Strike
0-1: Foul Ball, location: 2F
0-2: Ball
1-2: Ball
2-2: Hit by Pitch
Batting: LHB Héctor Torres 0-0: Called Strike
Jesús Cabañe steals 2nd base
0-1: Hit by Pitch
Pitching: LHP Josh Cox
Batting: RHB Jesús Rodríguez 0-0: Ball
1-0: Ball
Single, Error in OF, E7, batter to second base
Jesús Cabañe scores
Héctor Torres to third
Batting: RHB António Granados 0-0: Called Strike
0-1: Ball
1-1: Foul Ball, location: 2F
1-2: Ball
2-2: Foul Ball, location: 2F
2-2: Ball
3-2: Foul Ball, location: 2F
3-2: Fly out, F8 (Flyball, 8RXD)
Runner from 3rd tags up, SCORES, no throw
Batting: RHB Dave Morris 0-0: Ball
1-0: Reached on error, E5 (Groundball, 5S)
Jesús Rodríguez to third
Batting: RHB Patrizio Vanali 0-0: Ball
1-0: Called Strike
1-1: Fly out, F8 (Flyball, 8LM)
Top of the 8th over - 2 run(s), 1 hit(s), 2 error(s), 2 left on base; Philadelphia 1776 6 - Austin 2
BOTTOM OF THE 8TH
Austin Rangers batting - Pitching for Philadelphia 1776 BC : LHP Carlos Sánchez
Batting: RHB Tony Hernández 0-0: Swinging Strike
0-1: Ball
1-1: Ball
2-1: Foul Ball, location: 2F
2-2: Foul Ball, location: 2F
2-2: Strikes out swinging
Batting: RHB Pablo Trujillo 0-0: Ball
1-0: Swinging Strike
1-1: Ball
2-1: Swinging Strike
2-2: Foul Ball, location: 2F
2-2: Foul Ball, location: 2F
2-2: Ball
3-2: Strikes out swinging
Batting: LHB Jesús Reyes 0-0: Called Strike
0-1: Ball
1-1: Ball
2-1: Foul Ball, location: 2F
2-2: Ball
3-2: Base on Balls
Batting: RHB Jeff Green 0-0: Ball
1-0: Ball
2-0: Called Strike
2-1: Called Strike
2-2: Ball
3-2: Foul Ball, location: 2F
3-2: Base on Balls
Jesús Reyes to second
Pitching: LHP Woody Sullivan
Batting: LHB Yun Yen 0-0: Ball
1-0: Foul Ball, location: 2F
1-1: Called Strike
1-2: Strikes out swinging
Bottom of the 8th over - 0 run(s), 0 hit(s), 0 error(s), 2 left on base; Philadelphia 1776 6 - Austin 2
TOP OF THE 9TH
Philadelphia 1776 BC batting - Pitching for Austin Rangers : LHP Josh Cox
Pitching: RHP Júlio Rodríguez
Batting: RHB Russell Jackson 0-0: Called Strike
0-1: Called Strike
0-2: Ground out 1-3 (Groundball, 23)
Batting: RHB Jesús Orozco 0-0: Ball
1-0: Swinging Strike
1-1: Foul Ball, location: 2F
1-2: Ball
2-2: Foul Ball, location: 2F
2-2: Foul Ball, location: 2F
2-2: Strikes out swinging
Batting: LHB Cliff Aldridge 0-0: Called Strike
0-1: Called Strike
0-2: Ball
1-2: Foul Ball, location: 2F
1-2: Foul Ball, location: 2F
1-2: Ball
2-2: Strikes out swinging
Top of the 9th over - 0 run(s), 0 hit(s), 0 error(s), 0 left on base; Philadelphia 1776 6 - Austin 2
BOTTOM OF THE 9TH
Austin Rangers batting - Pitching for Philadelphia 1776 BC : LHP Woody Sullivan
Batting: RHB Yuji Ine 0-0: SINGLE (Line Drive, 7LM)
Batting: LHB Enrique Sánchez 0-0: Swinging Strike
0-1: Fly out, F9 (Flyball, 89D)
Batting: LHB Motoshige Kitamura 0-0: Ball
1-0: 2-RUN HOME RUN (Flyball, 9LD), Distance : 362 ft
Batting: SHB Xavier Vásquez 0-0: Called Strike
0-1: Ground out 1-3 (Groundball, 13)
Batting: RHB Tony Hernández 0-0: Ball
1-0: Called Strike
1-1: Ball
2-1: Swinging Strike
2-2: Ball
3-2: Base on Balls
Batting: RHB Pablo Trujillo 0-0: Ball
1-0: Fly out, F6 (Line Drive, 6)
Bottom of the 9th over - 2 run(s), 2 hit(s), 0 error(s), 1 left on base; Philadelphia 1776 6 - Austin 4
This league is powered by Out of the Park Baseball, the baseball management simulation game for PC, Mac and Linux
Friday, July 8th, 2016 - OOTP Baseball 16.9 Build 39